 Dungeon Crawl Stone Soup version 0.20.1-1-g8b1a95d (webtiles) character file.

6773 cochise the Cleaver (level 10, 0/90 HPs)
             Began as a Minotaur Fighter on Sept 13, 2017.
             Was a High Priest of Okawaru.
             Slain by a troll (1 damage)
             ... on level 9 of the Dungeon on Sept 14, 2017.
             The game lasted 01:25:19 (8799 turns).

cochise the Cleaver (Minotaur Fighter)              Turns: 8799, Time: 01:25:20

Health: 0/90       AC: 13    Str: 20 (21) XL:     10   Next: 76%
Magic:  9/9        EV: 11    Int:  4 (5)  God:    Okawaru [*****.]
Gold:   374        SH: 11    Dex:  9 (11) Spells: 9/9 levels left

rFire    . . .     SeeInvis .   L - +3 war axe (elec)
rCold    . . .     Gourm    .   c - +0 shield
rNeg     + . .     Faith    .   b - +0 scale mail
rPois    .         Spirit   .   (helmet restricted)
rElec    .         Reflect  .   (no cloak)
rCorr    .         Harm     .   K - +2 pair of gloves
MR       +....     Clarity  +   y - +0 pair of boots
Stlth    ..........             (no amulet)
Regen    0.3/turn               u - ring of positive energy
MPRegen  0.2/turn               S - ring of protection from magic

@: no status effects
A: retaliatory headbutt, horns 2, blink, clarity, weak 1
a: Blink, Heroism, Finesse, Renounce Religion


You were on level 9 of the Dungeon.
You worshipped Okawaru.
Okawaru was extremely pleased with you.
You were not hungry.

You visited 1 branch of the dungeon, and saw 9 of its levels.

You collected 595 gold pieces.
You spent 221 gold pieces at shops.

Inventory:

Hand Weapons
 n - a +0 short sword of freezing
 C - a +3 flail
 E - a +2 rapier of draining
 F - a +0 shortbow of freezing
 L - a +3 war axe of electrocution (weapon)
 M - a +0 arbalest of flaming
 O - a +5 falchion of freezing
 P - a cursed +4 great sword
 R - a +4 morningstar
 T - a +1 whip of venom
Missiles
 A - 9 poisoned needles (quivered)
 G - 74 arrows
 Z - 5 tomahawks of dispersal
Armour
 b - a +0 scale mail (worn)
 c - a +0 shield (worn)
 y - a +0 pair of boots (worn)
 K - a +2 pair of gloves (worn)
Jewellery
 u - a ring of positive energy (left hand)
 H - an uncursed ring of ice
 S - a ring of protection from magic (right hand)
Wands
 q - a wand of polymorph (6/24)
 B - a wand of paralysis (17/24)
 D - a wand of lightning (5/15)
 I - a wand of iceblast (9/15)
 U - a wand of acid (7/15)
 W - a wand of flame (31/48)
Scrolls
 d - 2 scrolls of amnesia
 g - a scroll of remove curse
 p - 2 scrolls of immolation {unknown}
 x - a scroll of random uselessness {unknown}
 z - 3 scrolls of enchant weapon {unknown}
 V - a scroll of enchant armour {unknown}
 X - a scroll of torment {unknown}
Potions
 e - 2 potions of flight
 h - 6 potions of brilliance
 i - a potion of agility
 k - 2 potions of curing
 l - a potion of invisibility {unknown}
 o - a potion of berserk rage {unknown}
 r - a potion of magic {unknown}
 s - a potion of ambrosia
 J - a potion of mutation
 Y - 2 potions of degeneration
Books
 N - a book of Party Tricks

   Spells                             Type                      Level
   a - Summon Butterflies             Summoning                    1
   b - Apportation                    Translocation                1
   c - Lesser Beckoning               Translocation                3
   d - Tukima's Dance                 Hexes                        3
   e - Alistair's Intoxication        Transmutation/Poison         5
   f - Invisibility                   Hexes                        6
Comestibles
 f - 4 bread rations
 m - 3 meat rations
 t - a royal jelly
 v - 31 fruits


   Skills:
 + Level 8.4 Fighting
 + Level 11.9 Axes
 + Level 9.1 Armour
 + Level 5.5 Dodging
 + Level 1.7 Stealth
 + Level 9.2 Shields
 + Level 1.3 Unarmed Combat
 + Level 0.4 Invocations


You had 9 spell levels left.
You didn't know any spells.

Dungeon Overview and Level Annotations

Branches:
Dungeon (9/15)             Temple (0/1) D:7            Lair (0/6) D:9
    Orc (0/2) D:9

Altars:
Ashenzari
Dithmenos
Elyvilon
Makhleb
Okawaru
Sif Muna
Zin

Shops:
D:7 ((   D:8 (


Innate Abilities, Weirdness & Mutations

You reflexively headbutt those who attack you in melee.
You have a pair of horns on your head.
You can translocate small distances at will.
You possess an exceptional clarity of mind.
You are weak. (Str -2)


Message History

It is a scroll of amnesia.
You feel forgetful for a moment.
The orc warrior hits you from afar with a trident.
* * * LOW HITPOINT WARNING * * *
You block the gnoll sergeant's attack. The gnoll sergeant misses you.
The troll bites you.
* * * LOW HITPOINT WARNING * * *
The troll claws you.
* * * LOW HITPOINT WARNING * * *
You block the troll's attack.
The big kobold hits you but does no damage.
It was a potion of degeneration.
There was something very wrong with that liquid.
You feel weakened.
You feel dopey.
You feel clumsy.
You block the orc warrior's attack. x2; You block the gnoll sergeant's attack.
The gnoll sergeant hits you with a trident.
* * * LOW HITPOINT WARNING * * *
The troll bites you but does no damage. The troll claws you but does no damage.
The troll claws you.
You die...

# ####.## # #....# #
##'#############
####..............##
..##..........##...#
#.##.....#######O#.#
#.##.....#8..o #o#.#
#..'.....#..Koo#g#.#
####.....#..gggT@#.#
#######..KgK#K#.#
#8...8#.#.# #####
#.#)# #.# #.# #.#
..#


You could see a troll, 2 orc warriors, 4 big kobolds, an ogre, 3 gnoll
sergeants, 2 gnolls and 2 orcs.

Vanquished Creatures
  2 two-headed ogres (D:8)
  A death yak (D:9)
  Grinder (D:3)
  2 hippogriffs (D:9)
  A wyvern (D:8)
  Menkaure (D:5)
  A sky beast (D:8)
  3 orc warriors
  2 phantoms
  2 ice beasts
  5 ogres
  3 centaurs
  2 crocodiles (D:9)
  2 big kobolds (D:9)
  2 bullfrogs
  2 scorpions
  9 killer bees
  6 wights
  4 howler monkeys
  5 crimson imps
  2 hounds
  11 orc wizards
  A jelly (D:9)
  4 orc priests
  A centaur skeleton (D:7)
  Jessica (D:3)
  8 worker ants
  3 iguanas
  A hound skeleton (D:6)
  4 gnolls (D:9)
  9 adders
  4 shadow imps
  An ooze (D:3)
  An adder zombie (D:6)
  2 dart slugs
  5 leopard geckos
  27 orcs
  6 bats
  A giant cockroach (D:3)
  5 goblins
  9 hobgoblins
  12 jackals
  4 kobolds
  4 quokkas
  3 ball pythons
  7 frilled lizards
  A jackal skeleton (D:4)
  10 rats
203 creatures vanquished.

Vanquished Creatures (others)
  Eustachio (D:6)
1 creature vanquished.

Grand Total: 204 creatures vanquished

Notes
Turn   | Place    | Note
-------+----------+-------------------------------------------
     0 | D:1      | cochise the Minotaur Fighter began the quest for the Orb.
     0 | D:1      | Reached XP level 1. HP: 19/19 MP: 0/0
   285 | D:1      | Reached XP level 2. HP: 25/27 MP: 1/1
   449 | D:1      | Reached skill level 3 in Axes
   507 | D:1      | Reached XP level 3. HP: 25/33 MP: 2/2
  1707 | D:2      | Reached XP level 4. HP: 34/40 MP: 3/3
  1782 | D:2      | Found a shadowy altar of Dithmenos.
  2163 | D:3      | Noticed Grinder
  2169 | D:3      | Paralysed by Grinder for 3 turns
  2185 | D:3      | Killed Grinder
  2185 | D:3      | Reached skill level 4 in Axes
  2185 | D:3      | Reached skill level 5 in Armour
  2185 | D:3      | Reached skill level 1 in Dodging
  2185 | D:3      | Reached skill level 1 in Stealth
  2185 | D:3      | Reached XP level 5. HP: 41/47 MP: 4/4
  2185 | D:3      | Reached XP level 6. HP: 46/53 MP: 5/5
  2343 | D:3      | Found a glowing silver altar of Zin.
  2380 | D:3      | Reached skill level 5 in Axes
  2442 | D:3      | Found an iron altar of Okawaru.
  2445 | D:3      | Became a worshipper of Warmaster Okawaru
  2454 | D:3      | Found a burning altar of Makhleb.
  2544 | D:3      | Noticed Jessica
  2548 | D:3      | Killed Jessica
  2548 | D:3      | Reached skill level 5 in Shields
  2563 | D:3      | Found a deep blue altar of Sif Muna.
  2572 | D:3      | Reached skill level 1 in Unarmed Combat
  2698 | D:4      | Reached * piety under Okawaru
  2698 | D:4      | Reached XP level 7. HP: 59/60 MP: 6/6
  2920 | D:4      | Reached skill level 6 in Axes
  3214 | D:4      | Reached skill level 7 in Axes
  3697 | D:4      | Reached skill level 5 in Fighting
  3703 | D:4      | Reached XP level 8. HP: 65/68 MP: 7/7
  3876 | D:5      | Entered Level 5 of the Dungeon
  4017 | D:5      | Reached ** piety under Okawaru
  4464 | D:5      | Noticed Menkaure
  4472 | D:5      | Killed Menkaure
  4472 | D:5      | Reached skill level 8 in Axes
  5016 | D:5      | You fall through a shaft!
  5725 | D:6      | Noticed Eustachio
  5754 | D:6      | Killed Eustachio
  5754 | D:6      | Reached XP level 9. HP: 13/75 MP: 8/8
  6226 | D:7      | Reached skill level 9 in Axes
  6230 | D:7      | Found a staircase to the Ecumenical Temple.
  6310 | D:7      | Found Jowkyo's Antique Weapon Shoppe.
  6388 | D:7      | Found Risu's Antique Weapon Boutique.
  6429 | D:7      | Bought a runed war axe for 221 gold pieces
  6972 | D:8      | Reached *** piety under Okawaru
  6990 | D:8      | Noticed a two-headed ogre
  7106 | D:8      | Found Hyebes's Antique Weapon Shoppe.
  7190 | D:8      | Reached skill level 10 in Axes
  7373 | D:8      | Noticed a two-headed ogre
  7380 | D:8      | Killed a two-headed ogre
  7380 | D:8      | Reached **** piety under Okawaru
  7380 | D:8      | Reached XP level 10. HP: 63/86 MP: 9/9
  7542 | D:8      | Killed a two-headed ogre
  7542 | D:8      | Reached skill level 11 in Axes
  8167 | D:9      | Reached skill level 5 in Dodging
  8180 | D:9      | Found a staircase to the Lair.
  8181 | D:9      | Noticed a death yak
  8212 | D:9      | Gained mutation: You possess an exceptional clarity of mind. [potion of mutation]
  8212 | D:9      | Gained mutation: You are weak. (Str -2) [potion of mutation]
  8212 | D:9      | Gained mutation: You can translocate small distances at will. [potion of mutation]
  8426 | D:9      | Reached ***** piety under Okawaru
  8434 | D:9      | Killed a death yak
  8434 | D:9      | Received a gift from Okawaru
  8633 | D:9      | Found a shattered altar of Ashenzari.
  8650 | D:9      | Found a deep blue altar of Sif Muna.
  8651 | D:9      | Found a white marble altar of Elyvilon.
  8773 | D:9      | Found a staircase to the Orcish Mines.
  8798 | D:9      | HP: 3/90 [troll (3)]
  8799 | D:9      | HP: 1/90 [gnoll sergeant/trident (2)]
  8799 | D:9      | Slain by a troll

Skill      XL: |  1  2  3  4  5  6  7  8  9 10 |
---------------+-------------------------------+-----
Armour         | 4 5 6 7 8 9 |  9.1
Axes           | 3 4 5 7 8 10 11 | 11.9
Fighting       | 4 5 6 7 8 |  8.4
Shields        | 4 5 6 8 9 |  9.2
Dodging        | 1 2 3 4 5 |  5.5
Stealth        | 1 |  1.7
Unarmed Combat | 1 |  1.3
Invocations    | |  0.4

Action                   |  1- 3 |  4- 6 |  7- 9 | 10-12 || total
-------------------------+-------+-------+-------+-------++-------
Melee: War axe           |   150 |    50 |   295 |   106 ||   601
       Headbutt          |    14 |     7 |    59 |    22 ||   102
       Unarmed           |       |     3 |       |       ||     3
Invok: Heroism           |       |       |     4 |     1 ||     5
 Abil: Blink             |       |       |       |     1 ||     1
  Use: Scroll            |       |     4 |     9 |     4 ||    17
       Potion            |       |     1 |     5 |     6 ||    12
  Eat: Bread ration      |     1 |       |     1 |       ||     2
       Chunk             |       |     2 |     9 |     5 ||    16
       Fruit             |       |       |     1 |       ||     1
Armor: Scale mail        |    81 |    28 |    96 |    32 ||   237
Dodge: Dodged            |    46 |    18 |    92 |    43 ||   199
Block: Shield            |    74 |    24 |   147 |    66 ||   311
